 Seeded DCSS version 0.29-a0-582-ge82337ba6a (webtiles) character file.

Game seed: 20220615 (custom seed)

4872 a11behringer the Basher (level 11, -3/91 HPs)
             Began as a Meteoran Cinder Acolyte on June 15, 2022.
             Was a Believer of Ignis.
             Killed from afar by an ice statue (17 damage)
             ... with a freezing blast
             ... on level 9 of the Dungeon.
             The game lasted 00:24:29 (5049 turns).

a11behringer the Basher (Meteoran Cinder Acolyte)   Turns: 5049, Time: 00:24:30

Health: -3/91      AC: 10    Str: 26    XL:     11   Next: 6%
Magic:  18/18      EV: 15    Int: 26    God:    Ignis [**....]
Gold:   472        SH:  6    Dex:  9    Spells: 16/18 levels left

rFire   . . .      SeeInvis +   l - +9 mace of Dailub {holy, rPois rF- Int+7 SInv}
rCold   . . .      Faith    .   F - +2 buckler
rNeg    . . .      Spirit   .   f - +0 scale mail
rPois   +          Reflect  .   e - +2 hat of the Thistle {rElec rPois Str+8}
rElec   +          Harm     .   (no cloak)
rCorr   .          Rampage  .   (no gloves)
Will    +....                   (no boots)
Stlth   ..........              (no amulet)
HPRegen 0.25/turn               G - ring of flight
MPRegen 0.16/turn               y - +4 ring of evasion

@: flying, glowing
A: sense surroundings 2, otherworldly, glowing, explore regen
a: Renounce Religion, Fiery Armour, Foxfire Swarm, Rising Flame


You were on level 9 of the Dungeon.
You worshipped Ignis.
Ignis was pleased with you.
You visited 1 branch of the dungeon, and saw 9 of its levels.

You collected 472 gold pieces.

Inventory:

Hand Weapons
 a - a -1 mace of flaming
 i - the +1 war axe "Kodd" {vorpal, Int+2 SInv}
   (You found it on level 2 of the Dungeon)

   It inflicts extra damage upon your enemies.
   Int:       It affects your intelligence (+2).
   SInv:      It lets you see invisible.
 l - the +9 mace of Dailub (weapon) {holy, rPois rF- Int+7 SInv}
   (You found it on level 2 of the Dungeon)

   It has been blessed by the Shining One to cause great damage to the undead
   and demons.
   Int:       It affects your intelligence (+7).
   rF:        It makes you vulnerable to fire.
   rPois:     It protects you from poison.
   SInv:      It lets you see invisible.
 z - a +0 shortbow of chaos
 A - a +1 whip of electrocution
Armour
 b - a +0 robe
 e - the +2 hat of the Thistle (worn) {rElec rPois Str+8}
   (You acquired it on level 5 of the Dungeon)

   Str:       It affects your strength (+8).
   rElec:     It insulates you from electricity.
   rPois:     It protects you from poison.
 f - a +0 scale mail (worn)
 j - a +0 plate armour
 m - a +0 helmet
 t - a +0 leather armour
 v - a +2 helmet
 F - a +2 buckler (worn)
 J - a +1 robe of cold resistance
Magical Staves
 E - a staff of conjuration
Jewellery
 g - a ring of magical power
 p - a ring of fire
 y - a +4 ring of evasion (right hand)
 G - a ring of flight (left hand)
Wands
 H - a wand of flame (23)
 M - a wand of polymorph (7)
Scrolls
 h - 3 scrolls of teleportation
 k - a scroll of identify
 q - 2 scrolls of fear
 r - a scroll of vulnerability
 L - a scroll of enchant armour {unknown}
 N - a scroll of magic mapping {unknown}
Potions
 c - a potion of berserk rage {unknown}
 d - 2 potions of lignification
 n - 6 potions of curing
 o - 2 potions of mutation
 s - 2 potions of brilliance {unknown}
 u - 2 potions of heal wounds
 w - a potion of magic {unknown}
 x - 3 potions of degeneration
 B - 2 potions of haste {unknown}
 C - 4 potions of attraction
 D - a potion of might {unknown}
 I - a potion of flight {unknown}
 K - a potion of resistance {unknown}


   Skills:
 + Level 6.4 Fighting
 - Level 1.1(8.0) Axes
 * Level 13.5 Maces & Flails
 + Level 7.5 Armour
 + Level 5.3 Dodging
 + Level 4.1 Shields
 * Level 4.1 Spellcasting
 * Level 3.3 Conjurations
 + Level 4.6 Fire Magic


You had 16 spell levels left.
You knew the following spells:

 Your Spells              Type           Power      Damage    Failure   Level
a - Scorch                Fire           58%        2d8       5%          2

Your spell library contained the following spells:

 Spells                   Type           Power      Damage    Failure   Level
 Shock                    Conj/Air       56%        1d6       12%         1
 Apportation              Tloc           10%        N/A       22%         1
 Necrotize                Necr           20%        1d5       22%         1
 Summon Small Mammal      Summ           20%        N/A       22%         1
 Gell's Gravitas          Tloc           5%         N/A       56%         3
 Lesser Beckoning         Tloc           5%         N/A       56%         3
 Swiftness                Air            5%         N/A       56%         3
 Teleport Other           Tloc           5%         N/A       56%         3
 Airstrike                Air            2%         N/A       92%         4
 Alistair's Intoxication  Tmut/Pois      3%         N/A       99%         5


Dungeon Overview and Level Annotations

Branches:
Dungeon (9/15)             Temple (0/1) D:4
   Lair: D:8-11         Orc: D:9-12

Altars:
Xom

Annotations:
D:9 exclusion: ice statue


Innate Abilities, Weirdness & Mutations

You passively map the area around you.
You are easily found by Zot.
You glow in the dark.
You regain HP and MP as you explore.


Message History

You sock the wraith!
The wraith convulses.
The wraith is heavily damaged.
You block the wraith's attack.
You sock the wraith!
The wraith convulses.
The wraith is almost destroyed.
You sock the wraith!
You destroy the wraith!
Your life force feels restored.
Found 12 gold pieces.
You see here a +0 robe.
Things that are here:
a +2 dire flail; a +0 robe Really fly into a travel-excluded area?
Uppercase [Y]es or [N]o only, please.
Really fly into a travel-excluded area?
Found a scroll of identify and 23 gold pieces.
The ice statue gestures at you. The freezing blast engulfs you!
Found a book of Flames.
You are engulfed in a cloud of scalding steam.
You see here a scroll of identify.
You hit the ice statue.
The ice statue is lightly damaged.
The ice statue gestures at you. The shard of ice hits you!
You hit the ice statue but do no damage.
The ice statue is lightly damaged.
You hit the ice statue but do no damage.
The ice statue is lightly damaged.
You hit the ice statue but do no damage.
The ice statue is lightly damaged.
The ice statue gestures at you. The freezing blast engulfs you!
You sock the ice statue!
The ice statue is moderately damaged.
You are engulfed in freezing vapours.
* * * LOW HITPOINT WARNING * * *
The ice statue gestures at you. The freezing blast engulfs you!
You die...

########### #.... ....#
######## ,....,...$#*
........ #. $≈≈ ..§.#
#.... #..##§##...# ,*
#.##. #§§#☼○☼#≈..# #.##.
#.§≈§8@☼≈..#* #.##.
#.§#○§☼#≈.<##.#####.##<
#..##§##......#...#.###
##...≈§≈).[#####.#.#.### ,
....)..)..))........>... ,
,,.....###################
,* ###.. ,,,, #.#* , * ,,
, * *


You could see an ice statue.

Vanquished Creatures
  A two-headed ogre (D:8)
  A hornet (D:8)
  Prince Ribbit (D:6)
  Sigmund (D:5)
  A wraith (D:9)
  2 wyverns (D:8)
  A steam dragon (D:5)
  Menkaure (D:5)
  An acid dragon (D:6)
  2 water moccasins
  An ice beast (D:7)
  Duvessa (D:5)
  A black bear (D:7)
  A sky beast (D:8)
  A centaur (D:3)
  2 kobold brigands
  5 bullfrogs
  A necrophage (D:5)
  A scorpion (D:4)
  9 wights
  Dowan (D:5)
  6 killer bees
  2 howler monkeys
  8 hounds
  A jelly (D:4)
  4 orc priests
  7 iguanas
  2 orc wizards
  Robin (D:3)
  12 adders
  3 white imps
  3 ufetubi
  2 worms
  2 dart slugs
  20 orcs
  5 endoplasms
  A giant cockroach (D:1)
  17 goblins
  8 hobgoblins
  2 jackals (D:1)
  2 quokkas
  6 ball pythons
  4 bats
  4 frilled lizards
  21 kobolds
  A rat (D:3)
180 creatures vanquished.

Vanquished Creatures (others)
  26 foxfires
26 creatures vanquished.

Grand Total: 206 creatures vanquished

Notes
Turn   | Place    | Note
-------+----------+-------------------------------------------
     0 | D:1      | a11behringer the Meteoran Cinder Acolyte began the quest
                  | for the Orb.
     0 | D:1      | Reached XP level 1. HP: 19/19 MP: 3/3
    67 | D:1      | Reached XP level 2. HP: 26/26 MP: 5/5
   285 | D:1      | Found a faded altar of an unknown god.
   442 | D:1      | Learned a level 2 spell: Scorch
   494 | D:1      | Glimpsed the power of Zot.
   545 | D:1      | Glimpsed the power of Zot.
   584 | D:1      | Glimpsed the power of Zot.
   593 | D:1      | Glimpsed the power of Zot.
   594 | D:1      | Touched by the power of Zot.
   644 | D:2      | Reached XP level 3. HP: 20/23 MP: 6/6
   649 | D:2      | Identified the +1 war axe "Kodd" {vorpal, Int+2 SInv}
   737 | D:2      | Reached skill level 1 in Axes
   737 | D:2      | Reached XP level 4. HP: 34/36 MP: 7/7
   749 | D:2      | Identified the +9 mace of Dailub {holy, rPois rF- Int+7
                  | SInv}
  1095 | D:1      | Reached skill level 1 in Armour
  1127 | D:1      | Reached skill level 5 in Maces & Flails
  1285 | D:2      | Glimpsed the power of Zot.
  1301 | D:3      | Reached XP level 5. HP: 26/46 MP: 8/8
  1428 | D:3      | Noticed Robin
  1447 | D:3      | Killed Robin
  1586 | D:3      | Reached skill level 6 in Maces & Flails
  1774 | D:3      | Noticed a centaur
  1785 | D:3      | Killed a centaur
  1786 | D:3      | Reached skill level 1 in Dodging
  1786 | D:3      | Reached XP level 6. HP: 36/52 MP: 9/9
  1882 | D:3      | Glimpsed the power of Zot.
  1927 | D:4      | Reached skill level 7 in Maces & Flails
  2069 | D:4      | Reached XP level 7. HP: 56/60 MP: 10/10
  2298 | D:4      | Found a staircase to the Ecumenical Temple.
  2322 | D:4      | Reached skill level 8 in Maces & Flails
  2482 | D:4      | Glimpsed the power of Zot.
  2509 | D:5      | Entered Level 5 of the Dungeon
  2509 | D:5      | Noticed Duvessa
  2509 | D:5      | Noticed Dowan
  2509 | D:5      | Noticed Menkaure
  2512 | D:5      | Killed Duvessa
  2517 | D:5      | Killed Dowan
  2518 | D:5      | Reached XP level 8. HP: 52/67 MP: 11/11
  2522 | D:5      | Killed Menkaure
  2523 | D:5      | Reached skill level 9 in Maces & Flails
  2550 | D:5      | Noticed Sigmund
  2557 | D:5      | Killed Sigmund
  2686 | D:5      | Reached skill level 10 in Maces & Flails
  2782 | D:5      | Noticed a steam dragon
  2794 | D:5      | Killed a steam dragon
  2854 | D:5      | Gained mutation: You passively map the area around you.
                  | [Meteoran growth]
  2854 | D:5      | Reached XP level 9. HP: 24/73 MP: 12/12
  2857 | D:5      | Reached skill level 5 in Fighting
  3065 | D:5      | Identified a scroll of acquirement
  3065 | D:5      | Acquired the +2 hat of the Thistle {rElec rPois Str+8}
  3085 | D:5      | Glimpsed the power of Zot.
  3116 | D:6      | Reached skill level 11 in Maces & Flails
  3116 | D:6      | Reached skill level 1 in Shields
  3169 | D:6      | Noticed Prince Ribbit
  3184 | D:6      | Killed Prince Ribbit
  3185 | D:6      | Reached skill level 5 in Armour
  3693 | D:6      | Glimpsed the power of Zot.
  3779 | D:7      | Reached skill level 12 in Maces & Flails
  3927 | D:7      | Reached XP level 10. HP: 75/83 MP: 14/14
  4295 | D:8      | Reached skill level 1 in Conjurations
  4306 | D:8      | Found a shimmering altar of Xom.
  4391 | D:8      | Noticed a two-headed ogre
  4400 | D:8      | Killed a two-headed ogre
  4401 | D:8      | Reached skill level 13 in Maces & Flails
  4401 | D:8      | Reached skill level 5 in Dodging
  4919 | D:8      | Glimpsed the power of Zot.
  5018 | D:9      | Reached XP level 11. HP: 90/91 MP: 17/17
  5020 | D:9      | Noticed an ice statue
  5049 | D:9      | Killed from afar by an ice statue

Illustrated notes

Levels and vault maps discovered:
D:1:      erik_arrival_blinker_ship, layout_loops_ring,
          hellmonk_ecumenical_altar_crossroads, serial_co_window_serial,
          co_window_corner_a, co_window_of_opportunity_a, co_window_paths_a,
          co_window_paths_a, co_window_paths_a, co_window_corner_b,
          co_window_unsneaky_path_d, co_window_broadway_b, co_window_corner_b,
          co_window_broadway_c, co_window_of_opportunity_b,
          co_window_broadway_c, co_window_paths_d, glass_columns_b,
          glass_columns_b, glass_columns_a
D:2:      layout_loops_ring
D:3:      layout_basic, uniq_robin
D:4:      minmay_razor_zed, layout_basic, minmay_temple_entry_statues_fountains,
          st_stairs_12
D:5:      layout_basic, uniq_sigmund, uniq_duvessa, uniq_menkaure
D:6:      layout_basic, minmay_unpleasant_kobolds, uniq_prince_ribbit1
D:7:      layout_basic, minivault_22
D:8:      layout_gridville, minmay_ruined_shrine
D:9:      minmay_chopped_fan, layout_basic, old_standard_altar,
          due_lair_maze_entry_diamond, nrook_mini_backslash, minivault_15,
          uniq_harold, uniq_joseph, uniq_gastronok

Skill      XL: |  1  2  3  4  5  6  7  8  9 10 11 |
---------------+----------------------------------+-----
Axes           | 1 |  1.1
Fire Magic     | 4 |  4.6
Armour         | 1 2 3 4 5 7 |  7.5
Maces & Flails | 5 6 7 8 10 12 13 | 13.5
Fighting       | 4 5 6 |  6.4
Dodging        | 1 2 4 5 |  5.3
Shields        | 2 4 |  4.1
Spellcasting   | 2 3 4 |  4.1
Conjurations   | 3 |  3.3

Action                   |  1- 3 |  4- 6 |  7- 9 | 10-12 || total
-------------------------+-------+-------+-------+-------++-------
Melee: Mace              |    49 |    78 |   180 |   134 ||   441
       Punch             |     1 |       |       |       ||     1
       War axe           |    10 |       |       |       ||    10
 Cast: Scorch            |       |       |     5 |     2 ||     7
Invok: Fiery Armour      |     1 |     2 |     2 |     1 ||     6
       Foxfire Swarm     |       |     1 |     1 |       ||     2
  Use: Scroll            |       |       |    15 |       ||    15
Armor: Robe              |     4 |       |       |       ||     4
       Scale mail        |    28 |    33 |    76 |    46 ||   183
Dodge: Dodged            |    38 |    48 |   115 |    88 ||   289
Block: Buckler           |       |       |    50 |    40 ||    90

Table legend: (Time is in decaauts)
 A = Elapsed time spent in this place.
 B = Non-inter-level travel time spent in this place.
 C = Inter-level travel time spent in this place.
 D = Time resting spent in this place.
 E = Time spent auto-exploring this place.
 F = Levels seen in this place.
 G = Mean time per level.
                   A        B        C        D        E       F      G
               +--------+--------+--------+--------+--------+-----+--------+
         Total |   5021 |   4325 |    696 |      0 |   3252 |   9 |  557.9 |
       Dungeon |   5021 |   4325 |    696 |      0 |   3252 |   9 |  557.9 |
               +--------+--------+--------+--------+--------+-----+--------+

Top non-repeatable levels by time:
     D:1: 764 daAuts
     D:8: 683 daAuts
     D:3: 628 daAuts
     D:6: 613 daAuts
     D:4: 592 daAuts
     D:5: 578 daAuts
     D:7: 543 daAuts
     D:2: 541 daAuts
     D:9: 75 daAuts
